 Dungeon Crawl Stone Soup version 0.17-a0-227-gf5308cc (webtiles) character file.

98 njord12 the Skirmisher (level 4, -2/41 HPs)
             Began as a Minotaur Berserker on Mar 30, 2015.
             Was a Believer of Trog.
             Slain by braks' ghost (6 damage)
             ... on level 4 of the Dungeon.
             The game lasted 00:10:53 (2111 turns).

njord12 the Skirmisher (Minotaur Berserker)         Turns: 2111, Time: 00:10:53

Health: -2/41      AC:  9    Str: 23    XL:     4   Next: 43%
Magic:  2/2        EV:  4    Int:  4    God:    Trog [**....]
Gold:   172        SH: 13    Dex:  9    Spells: 0 memorised, 3 levels left

rFire  . . .     SeeInvis .     r - -3 dagger (curse)
rCold  . . .     Clarity  .     k - +0 chain mail
rNeg   . . .     SustAb   .     j - +0 large shield
rPois  .         Gourm    .     (helmet restricted)
rElec  .         Spirit   .     (no cloak)
rCorr  .         Warding  .     (no gloves)
rMut   .         Stasis   .     (no boots)
MR     .....                    (no amulet)
Stlth  ..........               (no ring)
                                (no ring)

@: not resistant to hostile enchantments, extremely unstealthy
A: retaliatory headbutt, horns 2
a: Burn Spellbooks, Berserk, Trog's Hand, Renounce Religion


You were on level 4 of the Dungeon.
You worshipped Trog.
Trog was pleased with you.
You were not hungry.

You visited 1 branch of the dungeon, and saw 4 of its levels.

You collected 172 gold pieces.

Inventory:

Hand weapons
 a - a +0 hand axe
 d - a +2 dagger of draining
 e - a +0 club
 r - a cursed -3 dagger (weapon)
Missiles
 l - 6 poisoned needles
Armour
 b - a +0 animal skin
 g - a +0 leather armour
 j - a +0 large shield (worn)
 k - a +0 chain mail (worn)
Jewellery
 m - an uncursed amulet of regeneration {unknown}
Scrolls
 f - a scroll of enchant armour {unknown}
 i - 3 scrolls of blinking {unknown}
 o - a scroll of teleportation {unknown}
 q - a scroll of noise {unknown}
 s - a scroll of immolation {unknown}
 t - a scroll of enchant weapon {unknown}
 v - a scroll of random uselessness {unknown}
Potions
 w - a potion of degeneration {unknown}
Comestibles
 c - 2 bread rations
 h - a meat ration
 n - a slice of pizza
 p - 2 royal jellies


   Skills:
 + Level 4.6 Fighting
 + Level 0.2 Short Blades
 + Level 4.4 Axes
 + Level 3.0 Armour
 + Level 2.9 Dodging
 + Level 0.1 Stealth
 + Level 1.4 Shields


You had 3 spell levels left.
You didn't know any spells.

Dungeon Overview and Level Annotations

Branches:
Dungeon (4/15)
 Temple: D:4-7

Altars:

Annotations:
D:4 braks' ghost, experienced FoFi


Innate Abilities, Weirdness & Mutations

You reflexively headbutt those who attack you in melee.
You have a pair of horns on your head.


Message History

The goblin corpse is consumed in a column of flame.
Trog is pleased with you.
Found a stone staircase leading down.
There is a stone staircase leading down here.
There is a stone staircase leading down here.
There is a stone staircase leading down here.
You climb downwards.
Braks' ghost (experienced Formicid Fighter) comes into view.
Braks' ghost turns its malevolent gaze towards you.
There is a stone staircase leading up here.
You block braks' ghost's attack.
You hit braks' ghost but do no damage. You block braks' ghost's attack.
You hit braks' ghost but do no damage. You block braks' ghost's attack.
You completely miss braks' ghost. Braks' ghost hits you!!
Your shield prevents you from hitting braks' ghost.
Your headbutt misses braks' ghost. Braks' ghost hits you!
* * * LOW HITPOINT WARNING * * *
You block braks' ghost's attack.
You hit braks' ghost but do no damage. Braks' ghost hits you.
You die... # #.######## #.W@.<...# ##########

You could see braks' ghost.

Vanquished Creatures
  3 gnolls (D:2)
  2 adders
  A giant mite (D:1)
  A worm (D:2)
  A ball python (D:1)
  4 goblins
  7 hobgoblins
  6 kobolds (D:1)
  2 bats
  2 giant cockroaches
  2 giant newts
  7 rats
38 creatures vanquished.

Notes
Turn   | Place    | Note
--------------------------------------------------------------
     0 | D:1      | njord12, the Minotaur Berserker, began the quest for the Orb.
     0 | D:1      | Reached XP level 1. HP: 19/19 MP: 1/1
   338 | D:1      | Reached skill level 4 in Axes
   353 | D:1      | Reached XP level 2. HP: 27/27 MP: 1/1
   873 | D:2      | Acquired Trog's second power
   950 | D:2      | Reached XP level 3. HP: 33/33 MP: 2/2
  1374 | D:2      | Reached skill level 1 in Shields
  1378 | D:2      | Reached XP level 4. HP: 38/41 MP: 2/2
  2104 | D:4      | Noticed braks' ghost (experienced FoFi)
  2111 | D:4      | Slain by braks' ghost

Action                   |  1- 3 |  4- 6 || total
-------------------------+-------+-------++-------
Melee: Dagger            |    79 |    65 ||   144
Invok: Berserk           |     1 |       ||     1
  Eat: Meat ration       |     1 |       ||     1
